TOP OF THE 1ST |
Louisville Bats batting - Pitching for New Orleans Zephyrs : RHP John Dinsmore
|
Pitching: RHP John Dinsmore
|
|
Batting: RHB Takanibu Kaneshiro
|
0-0: Fly out, F4 (Popup, 34S, EV 77.5 MPH)
|
Batting: RHB Won-jun Park
|
0-0: Called Strike 0-1: Foul Ball, location: 2F 0-2: Fly out, F8 (Line Drive, 8LD, EV 92.5 MPH)
|
Batting: LHB Jamie Spangenberg
|
0-0: Called Strike 0-1: Fly out, F6 (Popup, 6M, EV 67.5 MPH)
|
Top of the 1st over - 0 runs, 0 hits, 0 errors, 0 left on base; Louisville 0 - New Orleans 0 |
BOTTOM OF THE 1ST |
New Orleans Zephyrs batting - Pitching for Louisville Bats : RHP Ragnar Alqvist
|
Pitching: RHP Ragnar Alqvist
|
|
Batting: LHB David Doge
|
0-0: Ball 1-0: Fly out, F7 (Flyball, 78S, EV 83.1 MPH)
|
Batting: SHB Ramon Martinez
|
0-0: Called Strike 0-1: Foul Ball, location: 2F 0-2: Ball 1-2: Ball 2-2: Fly out, F9 (Line Drive, 9D, EV 104.4 MPH)
|
Batting: RHB Manuel Taveras
|
0-0: Swinging Strike 0-1: Ball 1-1: Swinging Strike 1-2: Ball 2-2: Foul Ball, location: 2F 2-2: Foul Ball, location: 2F 2-2: Ball 3-2: Base on Balls
|
Batting: RHB Adam McGurn
|
0-0: Called Strike 0-1: Fielders Choice at 2nd, 5-4 (Groundball, 5, EV 106.9 MPH)
|
Bottom of the 1st over - 0 runs, 0 hits, 0 errors, 1 left on base; Louisville 0 - New Orleans 0 |
TOP OF THE 2ND |
Louisville Bats batting - Pitching for New Orleans Zephyrs : RHP John Dinsmore
|
Batting: LHB Jared Paige
|
0-0: Foul Ball, location: 2F 0-1: Foul Ball, location: 2F 0-2: Ball 1-2: Ball 2-2: Ground out U3 (Groundball, 34, EV 87.5 MPH)
|
Batting: RHB Jonathan Robies
|
0-0: SINGLE (Flyball, 56D, EV 95.0 MPH)
|
Batting: LHB Leo Gomez
|
0-0: Ball 1-0: Swinging Strike 1-1: Ball 2-1: Reached on error, E3 (Groundball, 3L, EV 80.6 MPH) Jonathan Robies to second
|
Batting: SHB Paul Sandoval
|
0-0: Foul Ball, location: 2F 0-1: Foul Ball, location: 2F 0-2: DOUBLE (Flyball, 78D, EV 101.9 MPH) Jonathan Robies scores Leo Gomez to third Runner from 3rd tries for Home, SAFE, throw by LF to home
|
Batting: RHB Steve Bauman
|
0-0: Called Strike 0-1: DOUBLE (Groundball, 5L, EV 101.2 MPH) Paul Sandoval scores
|
Batting: RHB Ben Hinman
|
0-0: Ball 1-0: Ball 2-0: Called Strike 2-1: Swinging Strike 2-2: Foul Ball, location: 2F 2-2: Strikes out swinging
|
Batting: RHB Takanibu Kaneshiro
|
0-0: Ball 1-0: Foul Ball, location: 2F 1-1: DOUBLE (Line Drive, 78XD, EV 109.4 MPH) Steve Bauman scores
|
Batting: RHB Won-jun Park
|
0-0: Called Strike 0-1: Ball Wild Pitch! Takanibu Kaneshiro to third 1-1: Ball 2-1: Foul Ball, location: 2F 2-2: 2-RUN HOME RUN (Flyball, 78XD, EV 110.0 MPH), Distance : 434 ft
|
Batting: LHB Jamie Spangenberg
|
0-0: Ball 1-0: Ball 2-0: Ground out 6-3 (Groundball, 56, EV 101.2 MPH)
|
Top of the 2nd over - 6 runs, 5 hits, 1 error, 0 left on base; Louisville 6 - New Orleans 0 |
BOTTOM OF THE 2ND |
New Orleans Zephyrs batting - Pitching for Louisville Bats : RHP Ragnar Alqvist
|
Batting: LHB Eric Bailey
|
0-0: Ball 1-0: Called Strike 1-1: Called Strike 1-2: Foul Ball, location: 2F 1-2: Strikes out swinging
|
Batting: RHB Rafael Irizarry
|
0-0: Called Strike 0-1: Ball 1-1: Ground out 4-3 (Groundball, 4S, EV 65.6 MPH)
|
Batting: RHB Isaiah Brockman
|
0-0: Ball 1-0: Called Strike 1-1: Called Strike 1-2: Strikes out swinging
|
Bottom of the 2nd over - 0 runs, 0 hits, 0 errors, 0 left on base; Louisville 6 - New Orleans 0 |
TOP OF THE 3RD |
Louisville Bats batting - Pitching for New Orleans Zephyrs : RHP John Dinsmore
|
Batting: LHB Jared Paige
|
0-0: Called Strike 0-1: Called Strike 0-2: Ball 1-2: Ball 2-2: Fly out, F6 (Popup, 6, EV 67.5 MPH)
|
Batting: RHB Jonathan Robies
|
0-0: Ball 1-0: Ball 2-0: Ball 3-0: Called Strike 3-1: Fly out, F9 (Line Drive, 9, EV 86.2 MPH)
|
Batting: LHB Leo Gomez
|
0-0: SINGLE (Groundball, 34, EV 104.4 MPH)
|
Pitching: LHP Melvin Castro
|
|
Batting: SHB Paul Sandoval
|
0-0: Called Strike 0-1: Foul Ball, location: 2F 0-2: SINGLE (Flyball, 3D, EV 88.8 MPH) Leo Gomez to second Leo Gomez to third
|
Batting: RHB Steve Bauman
|
0-0: Ball 1-0: Ball 2-0: Ball 3-0: Base on Balls Paul Sandoval to second
|
Batting: RHB Ben Hinman
|
0-0: Swinging Strike 0-1: Ball 1-1: Ball 2-1: Ball 3-1: Fielders Choice at 2nd, 6-4 (Groundball, 6, EV 103.8 MPH)
|
Top of the 3rd over - 0 runs, 2 hits, 0 errors, 3 left on base; Louisville 6 - New Orleans 0 |
BOTTOM OF THE 3RD |
New Orleans Zephyrs batting - Pitching for Louisville Bats : RHP Ragnar Alqvist
|
Batting: SHB Greg Rivera
|
0-0: Ball 1-0: SINGLE (Groundball, 6MS, EV 82.5 MPH) (infield hit)
|
Batting: RHB Masumitsu Sugiura
|
0-0: Called Strike 0-1: Foul Ball, location: 2F 0-2: Ground out 5-3 (Groundball, 56S, EV 70.6 MPH) Greg Rivera to second
|
Batting: LHB David Doge
|
0-0: Foul Ball, location: 2F 0-1: Ball 1-1: Fly out, F8 (Flyball, 8RM, EV 81.2 MPH)
|
Batting: SHB Ramon Martinez
|
0-0: Reached on error, E6 (Groundball, 6, EV 86.2 MPH) Greg Rivera to third
|
Batting: RHB Manuel Taveras
|
0-0: Foul Ball, location: 2F 0-1: Ball 1-1: Ball 2-1: Ball 3-1: Fly out, F9 (Flyball, 89D, EV 102.5 MPH)
|
Bottom of the 3rd over - 0 runs, 1 hit, 1 error, 2 left on base; Louisville 6 - New Orleans 0 |
TOP OF THE 4TH |
Louisville Bats batting - Pitching for New Orleans Zephyrs : LHP Melvin Castro
|
Batting: RHB Takanibu Kaneshiro
|
0-0: Ball 1-0: Called Strike 1-1: Called Strike 1-2: Ball 2-2: Foul Ball, location: 2F 2-2: Strikes out swinging
|
Batting: RHB Won-jun Park
|
0-0: Called Strike 0-1: Called Strike 0-2: Strikes out swinging, 2-3 out at first.
|
Batting: LHB Jamie Spangenberg
|
0-0: Ball 1-0: Foul Ball, location: 2F 1-1: Ground out 3-1 (Groundball, 34, EV 83.8 MPH)
|
Top of the 4th over - 0 runs, 0 hits, 0 errors, 0 left on base; Louisville 6 - New Orleans 0 |
BOTTOM OF THE 4TH |
New Orleans Zephyrs batting - Pitching for Louisville Bats : RHP Ragnar Alqvist
|
Batting: RHB Adam McGurn
|
0-0: Foul Ball, location: 2F 0-1: SINGLE (Line Drive, 4D, EV 98.8 MPH)
|
Batting: LHB Eric Bailey
|
0-0: Ball 1-0: Ball 2-0: Swinging Strike 2-1: Foul Ball, location: 2F 2-2: Ball 3-2: Fly out, F7 (Flyball, 7S, EV 91.2 MPH)
|
Batting: RHB Rafael Irizarry
|
0-0: Ball Adam McGurn steals 2nd base 1-0: Foul Ball, location: 2F 1-1: Ball 2-1: Fly out, F8 (Flyball, 89M, EV 85.0 MPH)
|
Batting: RHB Isaiah Brockman
|
0-0: Ball 1-0: Ball 2-0: Ball 3-0: Fly out, F7 (Line Drive, 7LM, EV 88.1 MPH)
|
Bottom of the 4th over - 0 runs, 1 hit, 0 errors, 1 left on base; Louisville 6 - New Orleans 0 |
TOP OF THE 5TH |
Louisville Bats batting - Pitching for New Orleans Zephyrs : LHP Melvin Castro
|
Batting: LHB Jared Paige
|
0-0: Ball 1-0: Ball 2-0: Ball 3-0: Foul Ball, location: 2F 3-1: Base on Balls
|
Batting: RHB Jonathan Robies
|
0-0: Swinging Strike 0-1: Ball 1-1: Called Strike 1-2: Ball 2-2: Grounds into double play, 4-6-3 (Groundball, 4, EV 80.0 MPH)
|
Batting: LHB Leo Gomez
|
0-0: Ball 1-0: Called Strike 1-1: Foul Ball, location: 2F 1-2: Ball 2-2: Foul Ball, location: 2F 2-2: Fly out, F9 (Flyball, 9D, EV 105.0 MPH)
|
Top of the 5th over - 0 runs, 0 hits, 0 errors, 0 left on base; Louisville 6 - New Orleans 0 |
BOTTOM OF THE 5TH |
New Orleans Zephyrs batting - Pitching for Louisville Bats : RHP Ragnar Alqvist
|
Batting: SHB Greg Rivera
|
0-0: Ball 1-0: Ground out 4-3 (Groundball, 4, EV 86.2 MPH)
|
Batting: RHB Masumitsu Sugiura
|
0-0: SINGLE (Line Drive, 4D, EV 104.4 MPH)
|
Batting: LHB David Doge
|
0-0: Swinging Strike 0-1: Ball 1-1: Ball 2-1: Grounds out, U3 (Groundball, 3L, EV 79.4 MPH)
|
Batting: SHB Ramon Martinez
|
0-0: Called Strike 0-1: Ball 1-1: Ball 2-1: Ground out 5-3 (Groundball, 15, EV 88.1 MPH)
|
Bottom of the 5th over - 0 runs, 1 hit, 0 errors, 1 left on base; Louisville 6 - New Orleans 0 |
TOP OF THE 6TH |
Louisville Bats batting - Pitching for New Orleans Zephyrs : LHP Melvin Castro
|
Batting: SHB Paul Sandoval
|
0-0: Foul Ball, location: 2F 0-1: Called Strike 0-2: Foul Ball, location: 2F 0-2: Fly out, F4 (Popup, 4D, EV 51.2 MPH)
|
Batting: RHB Steve Bauman
|
0-0: Ball 1-0: Foul Ball, location: 2F 1-1: Called Strike 1-2: Ground out 4-3 (Groundball, 4M, EV 85.0 MPH)
|
Batting: RHB Ben Hinman
|
0-0: Foul Ball, location: 2F 0-1: Ground out 6-3 (Groundball, 6, EV 82.5 MPH)
|
Top of the 6th over - 0 runs, 0 hits, 0 errors, 0 left on base; Louisville 6 - New Orleans 0 |
BOTTOM OF THE 6TH |
New Orleans Zephyrs batting - Pitching for Louisville Bats : RHP Ragnar Alqvist
|
Batting: RHB Manuel Taveras
|
0-0: DOUBLE (Line Drive, 78D, EV 98.8 MPH)
|
Batting: RHB Adam McGurn
|
0-0: Ball 1-0: 2-RUN HOME RUN (Flyball, 7D, EV 99.4 MPH), Distance : 391 ft
|
Batting: LHB Eric Bailey
|
0-0: Foul Ball, location: 2F 0-1: Ground out U3 (Groundball, 3L, EV 83.8 MPH)
|
Batting: RHB Rafael Irizarry
|
0-0: Ball 1-0: Ball 2-0: Fly out, F8 (Flyball, 8RM, EV 81.9 MPH)
|
Batting: RHB Isaiah Brockman
|
0-0: Called Strike 0-1: Called Strike 0-2: Foul Ball, location: 2F 0-2: Ball 1-2: Fly out, F9 (Flyball, 9S, EV 79.4 MPH)
|
Bottom of the 6th over - 2 runs, 2 hits, 0 errors, 0 left on base; Louisville 6 - New Orleans 2 |
TOP OF THE 7TH |
Louisville Bats batting - Pitching for New Orleans Zephyrs : LHP Melvin Castro
|
Pitching: RHP Chris Forster
|
|
Batting: RHB Takanibu Kaneshiro
|
0-0: Ball 1-0: Ball 2-0: Ball 3-0: SINGLE (Flyball, 9S, EV 90.0 MPH)
|
Batting: RHB Won-jun Park
|
0-0: Ball 1-0: Called Strike Takanibu Kaneshiro is caught stealing 2nd base 2-4 1-1: Ball 2-1: DOUBLE (Groundball, 5L, EV 101.9 MPH)
|
Batting: LHB Jamie Spangenberg
|
0-0: Ball 1-0: Ball 2-0: Ball 3-0: Called Strike 3-1: Swinging Strike 3-2: Base on Balls
|
Batting: LHB Jared Paige
|
0-0: Swinging Strike 0-1: Ball 1-1: Foul Ball, location: 2F 1-2: Ball 2-2: Ball 3-2: Strikes out swinging
|
Batting: RHB Jonathan Robies
|
0-0: Called Strike 0-1: Ball 1-1: Ball 2-1: Fielders Choice at 2nd, 6-4 (Groundball, 6, EV 82.5 MPH)
|
Top of the 7th over - 0 runs, 2 hits, 0 errors, 2 left on base; Louisville 6 - New Orleans 2 |
BOTTOM OF THE 7TH |
New Orleans Zephyrs batting - Pitching for Louisville Bats : RHP Ragnar Alqvist
|
Batting: SHB Greg Rivera
|
0-0: Called Strike 0-1: SINGLE (Groundball, 6D, EV 110.6 MPH)
|
Batting: RHB Masumitsu Sugiura
|
0-0: Swinging Strike 0-1: Foul Ball, location: 2F 0-2: SINGLE (Line Drive, 6MD, EV 100.0 MPH) Greg Rivera to second
|
Batting: LHB David Doge
|
0-0: Sac Bunt to 3S - play at first, batter OUT! 3-1 Greg Rivera to third Masumitsu Sugiura to second
|
Batting: SHB Ramon Martinez
|
0-0: Fly out, F8 (Flyball, 89XD, EV 103.8 MPH) Runner from 3rd tags up, SCORES, no throw by CF Masumitsu Sugiura to third
|
Batting: RHB Manuel Taveras
|
0-0: Ball 1-0: Ball Wild Pitch! Masumitsu Sugiura scores 2-0: SINGLE (Line Drive, 6MD, EV 100.0 MPH)
|
Batting: RHB Adam McGurn
|
0-0: Ball 1-0: Ball 2-0: Ball 3-0: Called Strike 3-1: Called Strike 3-2: Foul Ball, location: 2F 3-2: Base on Balls Manuel Taveras to second
|
Pitching: LHP Mark Sandoval
|
|
Pinch Hitting: RHB Rick Fell
|
0-0: Ball 1-0: SINGLE (Groundball, 6D, EV 105.6 MPH) Manuel Taveras to third Adam McGurn to second Runner from 3rd tries for Home, SAFE, throw by CF to home
|
Pitching: RHP Ken Armstrong
|
|
Batting: RHB Rafael Irizarry
|
0-0: Ball 1-0: Foul Ball, location: 2F 1-1: Ball 2-1: Foul Ball, location: 2F 2-2: Foul Ball, location: 2F 2-2: Foul Ball, location: 2F 2-2: Strikes out swinging
|
Bottom of the 7th over - 3 runs, 4 hits, 0 errors, 2 left on base; Louisville 6 - New Orleans 5 |
TOP OF THE 8TH |
Louisville Bats batting - Pitching for New Orleans Zephyrs : RHP Chris Forster
|
Pitching: RHP Adam Durant
|
|
Now in RF: Harrie de Kam
|
|
Batting: LHB Leo Gomez
|
0-0: Ball 1-0: Ground out U3 (Groundball, 3, EV 78.1 MPH)
|
Batting: SHB Paul Sandoval
|
0-0: Called Strike 0-1: Called Strike 0-2: Ball 1-2: Strikes out swinging
|
Batting: RHB Steve Bauman
|
0-0: Swinging Strike 0-1: Foul Ball, location: 2F 0-2: Ball 1-2: Ball 2-2: Foul Ball, location: 2F 2-2: Ground out 4-3 (Groundball, 4, EV 102.5 MPH)
|
Top of the 8th over - 0 runs, 0 hits, 0 errors, 0 left on base; Louisville 6 - New Orleans 5 |
BOTTOM OF THE 8TH |
New Orleans Zephyrs batting - Pitching for Louisville Bats : RHP Ken Armstrong
|
Batting: RHB Isaiah Brockman
|
0-0: Called Strike 0-1: Foul Ball, location: 2F 0-2: Ball 1-2: Strikes out looking
|
Batting: SHB Greg Rivera
|
0-0: Ball 1-0: Ball 2-0: Called Strike 2-1: Fly out, F9 (Flyball, 89M, EV 91.2 MPH)
|
Batting: RHB Masumitsu Sugiura
|
0-0: Fly out, F8 (Flyball, 8RD, EV 99.4 MPH)
|
Bottom of the 8th over - 0 runs, 0 hits, 0 errors, 0 left on base; Louisville 6 - New Orleans 5 |
TOP OF THE 9TH |
Louisville Bats batting - Pitching for New Orleans Zephyrs : RHP Adam Durant
|
Batting: RHB Ben Hinman
|
0-0: Ball 1-0: Ground out 5-3 (Groundball, 5, EV 81.2 MPH)
|
Batting: RHB Takanibu Kaneshiro
|
0-0: Ball 1-0: Ball 2-0: Called Strike 2-1: Foul Ball, location: 2F 2-2: Foul Ball, location: 2F 2-2: Strikes out swinging
|
Batting: RHB Won-jun Park
|
0-0: Foul Ball, location: 2F 0-1: Called Strike 0-2: Ball 1-2: Ball 2-2: Strikes out swinging
|
Top of the 9th over - 0 runs, 0 hits, 0 errors, 0 left on base; Louisville 6 - New Orleans 5 |
BOTTOM OF THE 9TH |
New Orleans Zephyrs batting - Pitching for Louisville Bats : RHP Ken Armstrong
|
Pitching: RHP Giovonni Morgia
|
|
Batting: LHB David Doge
|
0-0: Ball 1-0: Called Strike 1-1: Ground out U3 (Groundball, 3L, EV 99.4 MPH)
|
Batting: SHB Ramon Martinez
|
0-0: Ball 1-0: SINGLE (Groundball, 34D, EV 100.6 MPH)
|
Batting: RHB Manuel Taveras
|
0-0: Ball 1-0: Ball 2-0: Ball 3-0: Called Strike 3-1: Fly out, F7 (Line Drive, 7D, EV 98.1 MPH) Runner from 1st tags up, SAFE at 2nd
|
Batting: RHB Adam McGurn
|
0-0: Ball 1-0: Foul Ball, location: 2F 1-1: Called Strike 1-2: Ball 2-2: Ball 3-2: Base on Balls
|
Batting: RHB Harrie de Kam
|
0-0: Ball 1-0: Called Strike 1-1: Ground out 5-3 (Groundball, 56S, EV 71.2 MPH)
|
Bottom of the 9th over - 0 runs, 1 hit, 0 errors, 2 left on base; Louisville 6 - New Orleans 5 |
|